 Dungeon Crawl Stone Soup version 0.30-a0-528-g8c47a4955b (webtiles) character file.

Game seed: 11673009963736209014

18 oldriver the Charlatan (level 2, 0/26 HPs)
             Began as a Naga Artificer on Dec 24, 2022.
             Slain by a kobold
             ... wielding a +0 short sword
              (4 damage)
             ... on level 1 of the Dungeon.
             The game lasted 00:01:11 (561 turns).

oldriver the Charlatan (Naga Artificer)              Turns: 561, Time: 00:01:12

Health: 0/26       AC:  2    Str: 14    XL:     2   Next: 70%
Magic:  2/2        EV:  9    Int: 11    God:
Gold:   13         SH:  0    Dex: 11    Spells: 1/1 levels left

rFire   . . .      SeeInvis +    i - +0 dagger
rCold   . . .      Faith    .    (no shield)
rNeg    . . .      Spirit   .    b - +0 leather armour
rPois   +          Reflect  .    (no helmet)
rElec   .          Harm     .    (no cloak)
rCorr   .          Rampage  .    (no gloves)
Will    .....                    (no barding)
Stlth   ++                       a - amulet of the acrobat
HPRegen 0.24/turn                (no ring)
MPRegen 0.08/turn                (no ring)

@: short of breath, very slow
A: AC +0, large, see invisible, deformed body, poison resistance, slowness 2,
spit poison 1, naga tail 1
a: Spit Poison


You were on level 1 of the Dungeon.
You visited 1 branch of the dungeon, and saw 1 of its levels.

You collected 13 gold pieces.

Inventory:

Hand Weapons
 i - a +0 dagger (weapon)
Armour
 b - a +0 leather armour (worn)
Jewellery
 a - an amulet of the acrobat (around neck)
Wands
 c - a wand of flame (14)
 d - a wand of charming (15)
 e - a wand of iceblast (5)
Scrolls
 g - a scroll of fog {unknown}
Potions
 f - 2 potions of brilliance {unknown}
 h - a potion of lignification {unknown}
 j - a potion of cancellation {unknown}
 k - a potion of might {unknown}
 l - a potion of curing {unknown}


   Skills:
 + Level 1.6 Fighting
 * Level 1.1 Short Blades
 - Level 1.5 Armour
 - Level 0.7 Dodging
 + Level 2.7 Stealth
 - Level 3.0 Evocations


You had one spell level left.
You didn't know any spells.
Your spell library contained the following spells:

 Spells                   Type           Power      Damage    Failure   Level
 Slow                     Hex            0%         N/A       41%         1
 Confusing Touch          Hex            0%         N/A       78%         3
 Vampiric Draining        Necr           0%         2d6       78%         3


Dungeon Overview and Level Annotations

Branches:
Dungeon (1/15)

Altars:


Innate Abilities, Weirdness & Mutations

Your serpentine skin is tough. (AC +0)
You have supernaturally acute eyesight. (SInv)
Armour fits poorly on your strangely shaped body.
Your system is resistant to poisons. (rPois)
You cover ground very slowly.
You can spit poison.
You have a snake-like lower body.


Message History

The kobold hits you with a +0 short sword.
You hit the kobold.
The kobold is severely wounded.
The kobold misses you.
You completely miss the kobold.
The kobold is severely wounded.
The kobold hits you but does no damage.
You hit the kobold.
The kobold is severely wounded.
The kobold closely misses you.
You barely miss the kobold.
The kobold is severely wounded.
The kobold hits you with a +0 short sword.
You hit the kobold but do no damage.
The kobold is severely wounded.
The kobold hits you but does no damage.
You hit the kobold but do no damage.
The kobold is severely wounded.
The kobold hits you with a +0 short sword.
You closely miss the kobold.
The kobold is severely wounded.
The kobold hits you with a +0 short sword.
You barely miss the kobold.
The kobold is severely wounded.
The kobold hits you with a +0 short sword.
* * * LOW HITPOINT WARNING * * *
You hit the kobold.
The kobold is severely wounded.
The kobold closely misses you.
Aiming: Spit Poison (2% risk of failure)
Press: ? - help, Shift-Dir - straight line, f - kobold
Aim: a kobold, wielding a +0 short sword (severely wounded, 50% to hit)
The splash of poison misses the kobold.
The kobold hits you with a +0 short sword.
* * * LOW HITPOINT WARNING * * *
Unknown command.
You closely miss the kobold.
The kobold is severely wounded.
The kobold hits you with a +0 short sword.
You die...

......> ........#
########## #......
#......# ##...#
#......## ##..[.#
###......##.## ###..####
#........##...##...##
).#......# #....###
##..†....# #...K##
##.###.####....#@.###
##)###(...[.#####...####
...#.....#### ###.)..#
##...##.## ####.#
.....##.# #.# .....##.#
#.# ....###.## #.## ....
#..# #..# #.#. ##.# ##.#


You could see a kobold.

Vanquished Creatures
  A ball python (D:1)
  5 endoplasms (D:1)
  2 goblins (D:1)
  A hobgoblin (D:1)
  A frilled lizard (D:1)
  3 kobolds (D:1)
  4 rats (D:1)
17 creatures vanquished.

Notes
Turn   | Place    | Note
-------+----------+-------------------------------------------
     0 | D:1      | oldriver the Naga Artificer began the quest for the Orb.
     0 | D:1      | Reached XP level 1. HP: 18/18 MP: 1/1
   236 | D:1      | Reached XP level 2. HP: 20/25 MP: 2/2
   476 | D:1      | Reached skill level 1 in Short Blades
   561 | D:1      | Slain by a kobold

Illustrated notes

Levels and vault maps discovered:
D:1:      evilmike_arrival_hilbert_curve, layout_rooms

Skill      XL: |  1  2 |
---------------+-------+-----
Stealth        | 2 |  2.7
Short Blades   | 1 |  1.1
Fighting       | |  1.6
Armour         | |  1.5
Dodging        | |  0.7
Evocations     | |  3.0

Action                   || total
-------------------------++-------
Melee: Club              ||    11
       Dagger            ||    44
 Abil: Spit Poison       ||    18
Evoke: Wand              ||     1
Armor: Leather armour    ||    12
Dodge: Dodged            ||    22

Table legend: (Time is in decaauts)
 A = Elapsed time spent in this place.
 B = Non-inter-level travel time spent in this place.
 C = Inter-level travel time spent in this place.
 D = Time resting spent in this place.
 E = Time spent auto-exploring this place.
 F = Levels seen in this place.
 G = Mean time per level.
                   A        B        C        D        E       F      G
               +--------+--------+--------+--------+--------+-----+--------+
         Total |    657 |    657 |      0 |     90 |    329 |   1 |  657.0 |
       Dungeon |    657 |    657 |      0 |     90 |    329 |   1 |  657.0 |
               +--------+--------+--------+--------+--------+-----+--------+

Top non-repeatable levels by time:
     D:1: 657 daAuts
